 Dungeon Crawl Stone Soup version 0.31-a0-971-g75a2e9a4b4 (webtiles) character file.

Game seed: 12373719064815843230

5454 Azuregosa the Fighter (level 10, -1/80 HPs)
             Began as an Octopode Delver on Oct 28, 2023.
             Was an Initiate of Gozag.
             Slain by Gastronok (21 damage)
             ... on level 9 of the Dungeon.
             The game lasted 01:02:18 (11825 turns).

Azuregosa the Fighter (Octopode Delver)            Turns: 11825, Time: 01:02:19

Health: -1/80      AC:  5    Str: 11    XL:     10   Next: 68%
Magic:  10/10      EV: 15    Int: 13    God:    Gozag
Gold:   433        SH:  6    Dex: 24    Spells: 9/9 levels left

rFire   . . .        G - +4 long sword
rCold   . . .        M - +0 buckler
rNeg    . . .        Q - +0 hat
rPois   +            w - amulet of the acrobat
rElec   .            l - ring of wizardry
rCorr   .            E - ring "Qulenaje" {Will+ Dex+6}
SInv    .            H - +4 ring of protection
Will    +....        K - ring of poison resistance
Stlth   +++++        (no ring)
HPRegen 0.33/turn    (no ring)
MPRegen 0.12/turn    (no ring)
                     (no ring)

%: acrobat, wizardry (x1)
@: slowed, very slow
A: almost no armour, amphibious, 8 rings, camouflage 1, gelatinous body 1,
(nimble swimmer 1), tentacles
a: Renounce Religion, Potion Petition, Call Merchant, Bribe Branch


You were on level 9 of the Dungeon.
You worshipped Gozag.
Gozag was aware of your devotion.
You visited 2 branches of the dungeon, and saw 10 of its levels.

You collected 1711 gold pieces.
You spent 1198 gold pieces at shops.
You paid 80 gold pieces to Gozag.

Inventory:

Hand Weapons
 h - a +4 great sword
 A - a +0 dagger of speed
 C - a +0 halberd
 G - a +4 long sword (weapon)
Missiles
 a - 3 boomerangs
 k - 62 stones
 m - 12 poisoned darts
 p - 3 javelins
Armour
 M - a +0 buckler (worn)
 Q - a +0 hat (worn)
 T - an orb of guile
Jewellery
 l - a ring of wizardry (left tentacle)
 w - an amulet of the acrobat (around mantle)
 x - a ring of fire
 E - the ring "Qulenaje" (right tentacle) {Will+ Dex+6}
   (You bought it in a shop on level 1 of the Dungeon)

   [ring of dexterity]

   Dex+6:     It affects your dexterity (+6).
   Will+:     It increases your willpower.
 H - a +4 ring of protection (on tentacle)
 K - a ring of poison resistance (on tentacle)
Wands
 f - a wand of digging (3)
 v - a wand of flame (10)
 y - a wand of charming (18)
 N - a wand of iceblast (3)
 S - a wand of polymorph (11)
Scrolls
 b - 3 scrolls of fog
 d - a scroll of fear
 i - a scroll of revelation
 n - a scroll of butterflies
 o - a scroll of enchant weapon
 q - 3 scrolls of poison {unknown}
 s - 3 scrolls of immolation {unknown}
 B - a scroll of amnesia
 D - 2 scrolls of vulnerability {unknown}
 L - a scroll of noise
 O - a scroll of enchant armour {unknown}
 P - a scroll of torment {unknown}
 R - a scroll of silence
Potions
 c - 6 potions of curing
 e - 2 potions of haste
 g - a potion of berserk rage {unknown}
 j - 4 potions of heal wounds {unknown}
 r - 4 potions of cancellation
 t - 3 potions of resistance {unknown}
 u - a potion of brilliance {unknown}
 z - a potion of invisibility
 F - a potion of attraction
 I - 2 potions of lignification
 J - 2 potions of might {unknown}


   Skills:
 + Level 11.9 Fighting
 + Level 9.0 Long Blades
 - Level 2.0 Polearms
 - Level 4.3 Dodging
 - Level 6.6 Stealth
 + Level 3.2 Shields


You had 9 spell levels left.
You didn't know any spells.
Your spell library contained the following spells:

 Spells                   Type           Power      Damage    Failure   Level
 Kiss of Death            Conj/Necr      0%         2d5       17%         1
 Necrotise                Necr           0%         1d4       17%         1
 Sting                    Tmut/Pois      0%         1d3       17%         1
 Blink                    Tloc           0%         N/A       26%         2
 Lesser Beckoning         Tloc           0%         N/A       26%         2
 Momentum Strike          Conj/Tloc      0%         3d8       26%         2
 Wereblood                Tmut           0%         N/A       26%         2
 Confusing Touch          Hex            0%         N/A       45%         3
 Hailstorm                Conj/Ice       0%         3d3       45%         3
 Inner Flame              Hex/Fire       0%         N/A       45%         3
 Vampiric Draining        Necr           0%         2d6       45%         3
 Dispel Undead            Necr           0%         3d6       83%         4
 Flame Wave               Conj/Fire      0%         2d4       83%         4
 Sticky Flame             Conj/Fire      0%         2d3       83%         4
 Summon Ice Beast         Ice/Summ       0%         N/A       83%         4
 Agony                    Necr           0%         N/A       99%         5
 Borgnjor's Vile Clutch   Necr/Erth      0%         N/A       99%         5
 Summon Forest            Summ/Tloc      0%         N/A       99%         5
 Death Channel            Necr           0%         N/A       100%        6
 Animate Dead             Necr           Unusable   N/A       N/A         4
 Simulacrum               Ice/Necr       Unusable   N/A       N/A         6

Dungeon Overview and Level Annotations

Branches:
Dungeon (9/15)             Temple (1/1) D:5
   Lair: D:8-11         Orc: D:9-12

Altars:
Ashenzari
Cheibriados
Dithmenos
Elyvilon
Fedhas
Gozag
Hepliaklqana
Kikubaaqudgha
Makhleb
Nemelex Xobeh
Okawaru
Qazlal
Ru
Sif Muna
Trog
Uskayaw
Vehumet
Wu Jian
Xom
Yredelemnul
Zin
The Shining One

Shops:
D:1 =   D:4 !=

Annotations:
D:8 exclusion: 2 oklob saplings
D:9 Erolcha, Gastronok


Innate Abilities, Weirdness & Mutations

You cannot wear most types of armour.
You are amphibious.
You can wear up to eight rings at the same time.
Your skin changes colour to match your surroundings (Stealth+).
Your rubbery body absorbs attacks. (AC +1, EV +1)
((You are camouflaged when in or above water. (Stealth+)))
You have tentacles for arms and can constrict up to eight enemies at once.


Message History

You hit the river rat.
The river rat is moderately wounded.
You constrict the river rat, but do no damage.
The river rat closely misses you.
You hit the river rat but do no damage.
The river rat is moderately wounded.
You constrict the river rat. The river rat bites you.
Gastronok chants a spell, wobbling all the while.
You slash the river rat!
You kill the river rat!
The river rat's corpse disappears in a puff of smoke!
The bat barely misses you.
You feel better. The bat hits you but does no damage.
The bat closely misses you.
You feel a sudden, passing aversion to salt.
You barely miss the bat. Your grab misses the bat. Your squeeze misses the bat.
You block the bat's attack.
You feel a sudden urge to swivel your nonexistent eyestalks around.
The bat misses you.
You slash the bat!
You kill the bat!
The bat's corpse disappears in a puff of smoke!
You block the bat's attack.
You barely miss the bat. Your grab misses the bat. Your squeeze misses the bat.
The bat hits you but does no damage. Gastronok casts a spell at you.
You feel yourself slow down.
You hit the bat.
You kill the bat!
The bat's corpse disappears in a puff of smoke!
Gastronok bites you!!
* * * LOW HITPOINT WARNING * * *
You slash Gastronok!
Gastronok is almost dead.
You slash Gastronok! You squeeze Gastronok.
Gastronok is almost dead.
Gastronok bites you!!
You die...
Gastronok gurgles, "Time to dig in!"
Your body crumbles into a pile of gold.

#.# ####..........# #.
#.###....[........##
#.
#......##.##.......#
#.
######y#...#.##.##.###
######.
#.......#...#...#
........
#.#...#.......#.#
########
##.##........#.#.#'###
#
#......##.#.##........
#
#.##.#.##..@wr........
##
#.#........##.........
#.
#.......#...#.........
#.
#.#...#...............
#.
#.##.##.#...#.........
#.
#.......##.##.........
#.
#...###...............
#.
###.######.#.....#.##
#. #..........##### #.


You could see Gastronok (swift) and a quokka (summoned).

Vanquished Creatures
  3 hornets
  A vampire (D:9)
  Eustachio (D:4)
  A steam dragon (D:7)
  Menkaure (D:7)
  2 water moccasins
  A black bear (D:6)
  A sky beast (D:7)
  2 ice beasts
  5 orc warriors (D:9)
  3 ogres (D:5)
  2 centaurs
  3 phantoms
  A bullfrog (D:8)
  A gnoll sergeant (D:7)
  3 scorpions
  12 wights
  5 killer bees (D:9)
  5 howler monkeys
  A jelly (D:5)
  A gnoll bouda (D:6)
  6 orc priests
  5 hounds
  Jessica (D:3)
  4 iguanas (D:6)
  17 orc wizards
  15 adders
  11 gnolls
  A shadow imp (D:6)
  2 dart slugs
  51 orcs
  2 endoplasms (D:2)
  4 giant cockroaches
  2 goblins
  4 hobgoblins
  3 jackals
  3 quokkas
  17 ball pythons
  9 bats
  6 frilled lizards
  9 kobolds
  4 rats
231 creatures vanquished.

Notes
Turn   | Place    | Note
-------+----------+-------------------------------------------
     0 | D:5      | Azuregosa the Octopode Delver began the quest for the Orb.
     0 | D:5      | Reached XP level 1. HP: 16/16 MP: 1/1
    17 | D:5      | Noticed Eustachio
    22 | D:5      | Found a staircase to the Ecumenical Temple.
    31 | Temple   | Entered the Ecumenical Temple
    94 | D:5      | Noticed a quasit
    94 | D:5      | Noticed a quasit
    94 | D:5      | Noticed a quasit
   101 | D:4      | Found Riofih's Distillery.
   137 | D:3      | Noticed Jessica
   145 | D:3      | Killed Jessica
   146 | D:3      | Reached skill level 4 in Fighting
   146 | D:3      | Reached XP level 2. HP: 9/22 MP: 2/2
   146 | D:3      | Reached XP level 3. HP: 11/27 MP: 3/3
   727 | D:1      | Found Wuaton's Jewellery Emporium.
  1150 | D:2      | Reached XP level 4. HP: 23/34 MP: 4/4
  1399 | D:2      | Reached skill level 5 in Fighting
  1431 | D:3      | Found an opulent altar of Gozag.
  1440 | D:3      | Became a worshipper of Gozag Ym Sagoz the Greedy
  2300 | D:3      | Found a faded altar of an unknown god.
  2405 | D:3      | Reached XP level 5. HP: 39/39 MP: 5/5
  2696 | D:4      | Noticed a phantom
  2701 | D:4      | Reached skill level 6 in Fighting
  2720 | D:4      | Killed a phantom
  2721 | D:4      | Reached XP level 6. HP: 7/47 MP: 6/6
  3205 | D:4      | Found Qistachi's Jewellery Shoppe.
  3261 | D:4      | Reached skill level 7 in Fighting
  3689 | D:4      | Found a white marble altar of Elyvilon.
  3726 | D:4      | Reached XP level 7. HP: 46/54 MP: 7/7
  4371 | D:5      | Reached skill level 8 in Fighting
  4601 | D:5      | Found a sacrificial altar of Ru.
  4957 | D:6      | Reached skill level 9 in Fighting
  5094 | D:6      | Reached XP level 8. HP: 21/63 MP: 8/8
  5342 | D:6      | Reached skill level 10 in Fighting
  5667 | D:1      | Bought the ring "Qulenaje" {Will+ Dex+6} for 534 gold
                  | pieces
  6274 | D:1      | Bought a ring of poison resistance for 220 gold pieces
  6390 | D:6      | Reached skill level 11 in Fighting
  7235 | D:7      | Noticed Menkaure
  7242 | D:7      | Killed Menkaure
  7243 | D:7      | Reached XP level 9. HP: 72/72 MP: 9/9
  7392 | D:7      | Reached skill level 1 in Long Blades
  8010 | D:8      | Identified the "Laenag"
  8494 | D:4      | Bought a potion of curing for 36 gold pieces
  8494 | D:4      | Bought a potion of curing for 36 gold pieces
  8494 | D:4      | Bought a potion of curing for 36 gold pieces
  8494 | D:4      | Bought a potion of degeneration for 12 gold pieces
  8512 | D:4      | Killed Eustachio
  8513 | D:4      | Reached skill level 5 in Long Blades
  9255 | D:8      | Noticed a hornet
  9282 | D:8      | Killed a hornet
  9283 | D:8      | Reached XP level 10. HP: 65/79 MP: 10/10
  9810 | D:4      | Bought 3 potions of cancellation for 288 gold pieces
  9810 | D:4      | Bought a potion of attraction for 36 gold pieces
 10484 | D:9      | Reached skill level 1 in Shields
 10895 | D:9      | Noticed Gastronok
 11215 | D:9      | Noticed Erolcha
 11825 | D:9      | Slain by Gastronok

Illustrated notes

Levels and vault maps discovered:
D:1:      dpeg_arrival_radiant, layout_loops_ring, serial_shops,
          nicolae_shop_statue_plus, minmay_tromino_i2
D:2:      layout_basic
D:3:      layout_basic, grunt_gozag_statues, ebering_ecumenical_altar_hall,
          wad_orctagon, uniq_jessica
D:4:      layout_basic, kennysheep_little_box, serial_shops, shop_statue,
          nicolae_stop_n_shop_1, serial_bayou_pond_d,
          chequers_serial_rivers_small_b
D:5:      layout_rooms, lemuel_doored_altar, minmay_temple_entry_mist,
          minmay_fractal_squares_gapless_5, uniq_eustachio
D:6:      layout_rooms
D:7:      layout_loops_ring, uniq_menkaure
D:8:      layout_basic, corexii_leaking_fountain, introduction_to_nature_1
D:9:      layout_basic, david_orc_4, serial_shops, shop,
          hangedman_decor_clover_reticule, hangedman_decor_diamond_cutter,
          minmay_misc_feat_five, uniq_gastronok, uniq_erolcha, uniq_erica
Temple:   compressed_dpeg_triangle_lava_temple

Skill      XL: |  1  2  3  4  5  6  7  8  9 10 |
---------------+-------------------------------+-----
Fighting       | 4 5 6 7 9 11 | 11.9
Dodging        | 3 4 |  4.3
Long Blades    | 7 9 |  9.0
Shields        | 3 |  3.2
Polearms       | |  2.0
Stealth        | |  6.6

Action                     |  1- 3 |  4- 6 |  7- 9 | 10-12 || total
---------------------------+-------+-------+-------+-------++-------
  Melee: Spear             |    68 |   127 |       |       ||   195
         Constrict         |    14 |    35 |    57 |    30 ||   136
         Tentacles         |     6 |    34 |    48 |    37 ||   125
         Punch             |       |     3 |     5 |     1 ||     9
         Halberd           |       |    11 |   163 |       ||   174
         Great sword       |       |       |    90 |    34 ||   124
         Long sword        |       |       |       |   103 ||   103
  Throw: Stone             |       |     2 |       |       ||     2
         Javelin           |       |     1 |       |       ||     1
  Evoke: Wand              |       |    10 |    10 |       ||    20
    Use: Scroll            |     1 |       |     3 |     7 ||    11
         Potion            |       |       |     3 |     2 ||     5
   Stab: Sleeping          |    16 |    21 |    13 |     6 ||    56
         Distracted        |       |       |     4 |     2 ||     6
 Armour: Skin              |    25 |    56 |   160 |    54 ||   295
  Dodge: Dodged            |    24 |    77 |   279 |    77 ||   457
  Block: Buckler           |       |       |       |    17 ||    17

Table legend: (Time is in decaauts)
 A = Elapsed time spent in this place.
 B = Non-inter-level travel time spent in this place.
 C = Inter-level travel time spent in this place.
 D = Time resting spent in this place.
 E = Time spent auto-exploring this place.
 F = Levels seen in this place.
 G = Mean time per level.
                   A        B        C        D        E       F      G
               +--------+--------+--------+--------+--------+-----+--------+
         Total |  11974 |  11153 |    821 |   3223 |   4579 |  10 | 1197.4 |
       Dungeon |  11917 |  11096 |    821 |   3168 |   4579 |   9 | 1324.1 |
        Temple |     56 |     56 |      0 |     55 |      0 |   1 |   56.0 |
               +--------+--------+--------+--------+--------+-----+--------+

Top non-repeatable levels by time:
     D:5: 1695 daAuts
     D:8: 1677 daAuts
     D:4: 1673 daAuts
     D:7: 1493 daAuts
     D:3: 1233 daAuts
     D:6: 1232 daAuts
     D:9: 1140 daAuts
     D:2: 949 daAuts
     D:1: 820 daAuts
  Temple: 56 daAuts
